 Dungeon Crawl Stone Soup version 0.25-a0-860-gf695395b5c (webtiles) character file.

Game seed: 18261517757169043059, levelgen mode: deterministic

38 Linuka the Slasher (level 3, -5/27 HPs)
             Began as a Demonspawn Gladiator on Apr 27, 2020.
             Slain by a gnoll
             ... wielding a +2 vorpal flail
              (7 damage)
             ... on level 2 of the Dungeon.
             The game lasted 00:03:13 (962 turns).

Linuka the Slasher (Demonspawn Gladiator)            Turns: 962, Time: 00:03:14

Health: -5/27      AC:  4    Str: 15    XL:     3   Next: 25%
Magic:  3/3        EV: 12    Int:  9    God:
Gold:   12         SH:  4    Dex: 14    Spells: 2/2 levels left

rFire    . . .     SeeInvis .   a - +0 long sword
rCold    . . .     Gourm    .   (no shield)
rNeg     . . .     Faith    .   b - +0 leather armour
rPois    .         Spirit   .   c - +0 helmet
rElec    .         Reflect  .   (no cloak)
rCorr    .         Harm     .   (no gloves)
MR       .....                  (no boots)
Stlth    +.........             (no amulet)
HPRegen  0.09/turn              (no ring)
MPRegen  0.08/turn              (no ring)

@: no status effects
A: large bone plates 1, rot immunity
a: no special abilities


You were on level 2 of the Dungeon.
You were not hungry.

You visited 1 branch of the dungeon, and saw 2 of its levels.

You collected 12 gold pieces.

Inventory:

Hand Weapons
 a - a +0 long sword (weapon)
Missiles
 d - 3 throwing nets {=f}
 Q - 6 stones (quivered)
Armour
 b - a +0 leather armour (worn)
 c - a +0 helmet (worn)
Jewellery
 i - a +5 ring of strength {unknown}
Scrolls
 h - a scroll of teleportation {unknown}
Potions
 e - a potion of resistance {unknown}
Comestibles
 f - 2 rations
 g - a chunk of flesh


   Skills:
 - Level 2.0 Fighting
 * Level 4.0 Long Blades
 - Level 1.7 Throwing
 - Level 2.6 Dodging


You had 2 spell levels left.
You didn't know any spells.
Your spell library was empty.

Dungeon Overview and Level Annotations

Branches:
Dungeon (2/15)

Altars:


Innate Abilities, Weirdness & Mutations

You are partially covered in large bone plates. (SH +4)
You are immune to rotting.


Message History

You rip the net and break free!
A gnoll comes into view. It is wielding a +0 whip.
The gnoll throws a throwing net.
The throwing net hits you.
You become entangled in the net!
You tear a large gash into the net.
The gnoll shouts!
The gnoll hits you from afar with a cursed -1 halberd!
You take 13 damage, and have 14/27 hp.
MASSIVE DAMAGE!!
You struggle against the net.
You shred the net and break free! The gnoll closely misses you.
The gnoll hits you with a +2 vorpal flail!
* * * LOW HITPOINT WARNING * * *
x2 You take 13 damage, and have 1/27 hp.
MASSIVE DAMAGE!!
There is a stone staircase leading up here.
The gnoll closely misses you.
The gnoll hits you with a +2 vorpal flail!
You die...

....### . #.....
.##....#####
.........)#
#.....##.# #
#........##
#...##.....#..?#
.......@gg.....#
###.$..........#
#..#.##g##.....#
#.
#...g..g...... #
..............
(..###.##...###.
#.. #.# ...# #..
#.. .... #.#
....#


You could see 4 gnolls.

Levels and vault maps discovered:
D:1:      lightli_arrival_quake, layout_loops_ring, minmay_box_of_dots
D:2:      minmay_evil_eye, layout_loops_ring,
          nicolae_gozag_cash_rules_everything_around_me

Notes
Turn   | Place    | Note
-------+----------+-------------------------------------------
     0 | D:1      | Linuka the Demonspawn Gladiator began the quest for the
                  | Orb.
     0 | D:1      | Reached XP level 1. HP: 16/16 MP: 1/1
   125 | D:1      | Reached skill level 3 in Long Blades
   191 | D:1      | Gained mutation: You are immune to rotting. [demonic
                  | ancestry]
   191 | D:1      | Reached XP level 2. HP: 17/22 MP: 2/2
   267 | D:1      | Identified a +0 club
   340 | D:1      | Identified a +0 whip
   343 | D:1      | Identified a +0 club
   409 | D:1      | Identified a +0 club
   580 | D:1      | Gained mutation: You are partially covered in large bone
                  | plates. (SH +4) [demonic ancestry]
   580 | D:1      | Reached XP level 3. HP: 26/27 MP: 3/3
   811 | D:1      | Identified a +0 whip
   817 | D:1      | Reached skill level 4 in Long Blades
   950 | D:2      | Identified a cursed -1 halberd
   950 | D:2      | Identified a +0 spear
   950 | D:2      | Identified a +2 vorpal flail
   954 | D:2      | Identified a +0 whip
   957 | D:2      | HP: 3/27 [gnoll/+2 vorpal flail (11)]
   957 | D:2      | HP: 1/27 [gnoll/+2 vorpal flail (2)]
   962 | D:2      | Slain by a gnoll

Table legend:
 A = Turns spent in this place as a percentage of turns spent in the entire game.
 B = Non-inter-level travel turns spent in this place as a percentage of non-inter-level travel turns spent in the entire game.
 C = Inter-level travel turns spent in this place as a percentage of turns spent in this place.
 D = Turns resting spent in this place as a percentage of non-inter-level travel turns spent in this place.
 E = Turns spent auto-exploring this place as a percentage of non-inter-level travel turns spent in this place.
 F = Non-inter-level travel turns spent in this place divided by the number of levels of this place that you've seen.
                   A       B       C       D       E      F
               +-------+-------+-------+-------+-------+----------------------
         Total | 100.0 | 100.0 |   8.7 |   0.0 |  79.2 | 439.0
       Dungeon | 100.0 | 100.0 |   8.7 |   0.0 |  79.2 | 439.0
               +-------+-------+-------+-------+-------+----------------------

Table legend:
 A = Kills in this place as a percentage of kills in entire the game.
 B = Kills by you in this place as a percentage of kills by you in the entire game.
 C = Kills by friends in this place as a percentage of kills by friends in the entire game.
 D = Other kills in this place as a percentage of other kills in the entire game.
 E = Experience gained in this place as a percentage of experience gained in the entire game.
 F = Experience gained in this place divided by the number of levels of this place that you have seen.
                   A       B       C       D       E      F
               +-------+-------+-------+-------+-------+----------------------
         Total | 100.0 | 100.0 |   N/A |   N/A | 100.0 |  27.5
       Dungeon | 100.0 | 100.0 |   N/A |   N/A | 100.0 |  27.5
               +-------+-------+-------+-------+-------+----------------------

Skill      XL: |  1  2  3 |
---------------+----------+-----
Long Blades    | 3 4 |  4.0
Fighting       | |  2.0
Throwing       | |  1.7
Dodging        | |  2.6

Action                   || total
-------------------------++-------
Melee: Long sword        ||    76
 Stab: Sleeping          ||     1
Armor: Leather armour    ||    32
Dodge: Dodged            ||    54
Block: Other             ||     2
       Rpst.: Long sword ||    17

Vanquished Creatures
  2 leopard geckos (D:1)
  7 bats (D:1)
  3 giant cockroaches (D:1)
  3 goblins (D:1)
  7 hobgoblins
  5 kobolds (D:1)
  A frilled lizard (D:1)
  3 rats (D:1)
31 creatures vanquished.
